 Dungeon Crawl Stone Soup version 0.27.0-1-g7a089689b8 (webtiles) character file.

Game seed: 18095826439696375505

1 SnakkuSnakku7 the Sneak (level 1, 0/13 HPs)
             Began as a Vampire Conjurer on Aug 15, 2021.
             Slain by a jackal (2 damage)
             ... on level 1 of the Dungeon.
             The game lasted 00:00:21 (78 turns).

SnakkuSnakku7 the Sneak (Vampire Conjurer)            Turns: 78, Time: 00:00:22

Health: 0/13       AC:  2    Str:  6    XL:     1   Next: 16%
Magic:  1/3        EV: 12    Int: 20    God:
Gold:   0          SH:  0    Dex: 12    Spells: 3/4 levels left

rFire    . . .     SeeInvis +   (no weapon)
rCold    . . .     Faith    .   (no shield)
rNeg     . . .     Spirit   .   a - +0 robe
rPois    .         Reflect  .   (no helmet)
rElec    .         Harm     .   (no cloak)
rCorr    .         Rampage  .   (no gloves)
Will     .....                  (no boots)
Stlth    ++........             (no amulet)
HPRegen  0.24/turn              (no ring)
MPRegen  0.08/turn              (no ring)

@: healing quickly
A: alive, fangs 3, see invisible, vampiric 1
a: Exsanguinate


You were on level 1 of the Dungeon.
You visited 1 branch of the dungeon, and saw 1 of its levels.

Inventory:

Armour
 a - a +0 robe (worn)
Scrolls
 b - a scroll of amnesia {unknown}


   Skills:
 - Level 2.1 Dodging
 - Level 3.0 Stealth
 - Level 2.0 Spellcasting
 + Level 3.0 Conjurations


You had 3 spell levels left.
You knew the following spells:

 Your Spells              Type           Power      Damage    Failure   Level
a - Magic Dart            Conj           56%        1d5       4%          1

Your spell library contained the following spells:

 Spells                   Type           Power      Damage    Failure   Level
 Searing Ray              Conj           28%        3d4       7%          2
 Dazzling Flash           Conj/Hex       16%        N/A       26%         3
 Fulminant Prism          Conj/Hex       4%         3d6       63%         4
 Iskenderun's Mystic Bla  Conj/Tloc      8%         2d4       63%         4


Dungeon Overview and Level Annotations

Branches:
Dungeon (1/15)

Altars:


Innate Abilities, Weirdness & Mutations

Your natural rate of healing is accelerated.
You have razor-sharp teeth.
You have supernaturally acute eyesight. (SInv)
You are afflicted with vampirism.


Message History

The jackal closely misses you.
Aiming: Magic Dart (safe; 4% risk of failure)
Press: ? - help, Q - select action Shift-Dir - straight line, f/p - hobgoblin
Aim: a hobgoblin (lightly wounded, 100% to hit)
The magic dart hits the jackal.
The jackal is moderately wounded.
The jackal closely misses you.
Aiming: Magic Dart (safe; 4% risk of failure)
Press: ? - help, Q - select action Shift-Dir - straight line, f/p - hobgoblin
Aim: a hobgoblin (lightly wounded, 100% to hit)
The magic dart hits the jackal.
The jackal is heavily wounded.
The jackal barks!
The jackal barely misses you. x2
The jackal bites you but does no damage.
The hobgoblin barely misses you.
There is an abandoned shop here.
You closely miss the jackal. The jackal barely misses you.
The jackal bites you but does no damage.
The hobgoblin hits you but does no damage.
Unknown command.
The jackal bites you. The jackal closely misses you.
The jackal bites you but does no damage.
The jackal closely misses you.
There is an abandoned shop here.
Unknown command.
You hit the jackal but do no damage. The jackal bites you. x3
The jackal bites you but does no damage.
The jackal bites you. The jackal closely misses you. The jackal bites you.
You see here a deep dwarf skeleton.
The jackal closely misses you. The hobgoblin hits you.
* * * LOW HITPOINT WARNING * * *
You see here a +0 leather armour.
The kobold shouts!
The jackal closely misses you. The jackal barely misses you.
The jackal closely misses you. The jackal barely misses you.
The jackal misses you. The jackal bites you.
You die...

########### ###
.#∩##∩∩##∩####∩#
∩.............g#####
#.........K.h[hh@.<#
#.............÷.h.##
#..........÷.....##
∩..............###
∩.........∩∩∩###
#....#∩.#.####
#....##..#..
∩÷......##....
.÷...##.# .....


You could see 4 jackals, a hobgoblin and a kobold.

Vanquished Creatures
  A hobgoblin (D:1)
1 creature vanquished.

Notes
Turn   | Place    | Note
-------+----------+-------------------------------------------
     0 | D:1      | SnakkuSnakku7 the Vampire Conjurer began the quest for the
                  | Orb.
     0 | D:1      | Reached XP level 1. HP: 13/13 MP: 3/3
    78 | D:1      | Slain by a jackal

Illustrated notes

Levels and vault maps discovered:
D:1:      amcnicky_arrival_abandoned_market, layout_rooms

Skill      XL: |  1 |
---------------+----+-----
Conjurations   | 3 |  3.0
Dodging        | |  2.1
Stealth        | |  3.0
Spellcasting   | |  2.0

Action                   || total
-------------------------++-------
Melee: Unarmed           ||     2
 Cast: Magic Dart        ||     5
Armor: Robe              ||     6
Dodge: Dodged            ||    15
